 Dungeon Sprint DCSS version 0.30.1-4-g462c640d31 (webtiles) character file.

Game seed: 11787535427542708514

13138 Heoruswealwe the Brawler (level 11, -1/91 (101) HPs)
             Began as a Troll Berserker on Aug 17, 2023.
             Was the Champion of Trog.
             Slain by a shadow dragon (8 damage)
             ... in the Dungeon (Sprint I: "Red Sonja").
             The game lasted 00:20:11 (1242 turns).

Heoruswealwe the Brawler (Troll Berserker)          Turns: 1242, Time: 00:20:11

HP:   -1/91 (101)   AC:  6    Str: 34    XL:     11   Next: 71%
MP:   10/10         EV: 12    Int:  6    God:    Trog [******]
Gold: 1183          SH:  0    Dex:  7    Spells: 10/10 levels left

rFire   . .          .
                       - Unarmed
rCold   . . .        (no shield)
rNeg    . . .        e - +0 troll leather armour
rPois   .            (helmet restricted)
rElec   .            (no cloak)
rCorr   .            (gloves unavailable)
SInv    .            (boots unavailable)
Will    .....        (no amulet)
Stlth   +            (no ring)
HPRegen 1.95/turn    (no ring)
MPRegen 0.12/turn

%: no teleportation
@: mighty, hasted, drained, very quick
A: large, unfitting armour, claws 3, regeneration 1, shaggy fur 1, tough skin 1,
horns 1, clever 1, frail 2, strong 1, no potion heal 1
a: Renounce Religion, Berserk, Trog's Hand, Brothers in Arms


You were in the Dungeon.
You worshipped Trog.
Trog was exalted by your worship.
You visited 1 branch You collected 2176 gold pieces.
You spent 993 gold pieces at shops.

Inventory:

Armour
 e - a +0 troll leather armour (worn)
 i - a +2 robe of positive energy
Wands
 d - a wand of flame (4)
 f - a wand of light (14)
 h - a wand of digging (3)
Scrolls
 g - 2 scrolls of blinking
 n - a scroll of fog
 w - a scroll of fear
 x - a scroll of poison
Potions
 b - 4 potions of curing
 l - a potion of invisibility
 r - 2 potions of flight
 s - 2 potions of berserk rage
 u - a potion of cancellation
 v - a potion of ambrosia
Miscellaneous
 j - a lightning rod (4/4)
 m - a box of beasts


   Skills:
 + Level 13.0 Fighting
 + Level 13.0 Dodging
 * Level 20.8 Unarmed Combat


You had 10 spell levels left.
You didn't know any spells.
Your spell library was empty.

Dungeon Overview and Level Annotations

Branches:
Dungeon (1/1)

Altars:
Cheibriados
Dithmenos
Elyvilon
Fedhas
Gozag
Hepliaklqana
Kikubaaqudgha
Makhleb
Nemelex Xobeh
Okawaru
Qazlal
Ru
Sif Muna
Trog
Uskayaw
Vehumet
Wu Jian
Xom
Yredelemnul
Zin
The Shining One
Jiyva
Lugonu

Shops:
D *:[=[


Innate Abilities, Weirdness & Mutations

You are too large for most types of armour.
You have claws for hands.
Your natural rate of healing is unusually fast.
You are covered in fur. (AC +1)
You have tough skin. (AC +1)
You have a pair of small horns on your head.
Your mind is acute. (Int +4, Str/Dex -1)
You are very frail. (-20% HP)
Your muscles are strong. (Str +4, Int/Dex -1)
Potions are less effective at restoring your health.


Message History

You are engulfed in a cloud of scalding steam.
You see here 27 gold pieces.
You now have 1183 gold pieces (gained 27).
You are engulfed in a cloud of scalding steam.
You are engulfed in a cloud of scalding steam.
You are engulfed in a cloud of scalding steam.
You open the door.
You are engulfed in a cloud of scalding steam.
Found a potion of haste.
You are engulfed in a cloud of scalding steam.
There is an open door here.
You are engulfed in a cloud of scalding steam.
a - a potion of haste You close the door.
You start resting.
HP restored.
You open the door.
A shadow dragon and a golden dragon come into view.
The golden dragon roars deafeningly!
Found a piece from Xom's chessboard (15/15) and a glowing battleaxe.
The golden dragon breathes cold at you. The bolt of cold hits you!!!
Your system partially rejects the healing.
You feel much better.
The shadow dragon breathes negative energy at you.
The bolt of negative energy hits you!!
You feel drained.
Your system partially rejects the healing.
You feel better.
You feel yourself speed up. The shadow dragon bites you.
The shadow dragon claws you! The shadow dragon misses you.
You feel very mighty all of a sudden.
The shadow dragon breathes negative energy at you.
The bolt of negative energy hits you!!
You feel drained.
* * * LOW HITPOINT WARNING * * *
Your system partially rejects the healing.
You feel better. The shadow dragon closely misses you.
The shadow dragon claws you.
* * * LOW HITPOINT WARNING * * *
The shadow dragon claws you!
You die...

##################
§§§§§§+..#..§.§..#
§§§§§##†.+..#.§§.##
#...#######+#.§§§§#
###+# #.§§§.#
##.§.§# ###+## #@#
#D# .D§ .....
#§§.... ..§...}.
#...§§)...
##.........


You could see a shadow dragon (catching breath) and a golden dragon.

Vanquished Creatures
  A hydra (D)
  2 centaur warriors (D)
  Sonja (D)
  A deep troll (D)
  A lindwurm (D)
  8 shining eyes (D)
  An oklob plant (D)
  4 demonic crawlers (D)
  2 unseen horrors (D)
  2 kobold demonologists (D)
  A hornet (D)
  A slime creature (D)
  Sigmund (D)
  A yak (D)
  13 hogs (D)
  2 redbacks (D)
  7 floating eyes (D)
  An ogre (D)
  7 necrophages (D)
  8 jellies (D)
  Ijyb (D)
  A ballistomycete spore (D)
67 creatures vanquished.

Vanquished Creatures (others)
  A ballistomycete spore (D)
1 creature vanquished.

Grand Total: 68 creatures vanquished

Notes
Turn   | Place    | Note
-------+----------+-------------------------------------------
     0 | D        | Heoruswealwe the Troll Berserker began the quest for the
                  | Orb.
     0 | D        | Reached XP level 1. HP: 22/22 MP: 0/0
     1 | D        | Noticed Ijyb
     7 | D        | Killed Ijyb
     8 | D        | Reached skill level 4 in Unarmed Combat
     8 | D        | Reached XP level 2. HP: 29/31 MP: 1/1
    13 | D        | Noticed an ogre
    17 | D        | Killed an ogre
    18 | D        | Reached skill level 7 in Unarmed Combat
    18 | D        | Reached XP level 3. HP: 40/40 MP: 2/2
    18 | D        | Reached XP level 4. HP: 49/49 MP: 3/3
    50 | D        | Noticed Sigmund
    56 | D        | Killed Sigmund
    56 | D        | Reached ** piety under Trog
    57 | D        | Reached skill level 5 in Fighting
    57 | D        | Reached skill level 5 in Dodging
    57 | D        | Reached skill level 9 in Unarmed Combat
    57 | D        | Reached XP level 5. HP: 58/59 MP: 4/4
    57 | D        | Reached XP level 6. HP: 66/67 MP: 5/5
    85 | D        | Found a burning altar of Makhleb.
    85 | D        | Found a viscous altar of Jiyva.
    85 | D        | Found a shimmering altar of Xom.
    85 | D        | Found a corrupted altar of Lugonu.
    85 | D        | Noticed a slime creature
    94 | D        | Killed a slime creature
    95 | D        | Reached skill level 10 in Unarmed Combat
   124 | D        | Found an ornate altar of the Wu Jian Council.
   124 | D        | Found a shimmering blue altar of Sif Muna.
   126 | D        | Found a radiant altar of Vehumet.
   155 | D        | Found Sisodu's Antique Armour Emporium.
   155 | D        | Found an ancient bone altar of Kikubaaqudgha.
   155 | D        | Found a hazy altar of Hepliaklqana.
   155 | D        | Found a stormy altar of Qazlal.
   155 | D        | Found a hide-covered altar of Uskayaw.
   155 | D        | Found a blossoming altar of Fedhas.
   155 | D        | Found a bloodstained altar of Trog.
   155 | D        | Found an iron altar of Okawaru.
   155 | D        | Found a basalt altar of Yredelemnul.
   155 | D        | Found a glowing golden altar of the Shining One.
   155 | D        | Found a snail-covered altar of Cheibriados.
   155 | D        | Found a sacrificial altar of Ru.
   155 | D        | Found a glowing silver altar of Zin.
   155 | D        | Found a shadowy altar of Dithmenos.
   155 | D        | Found a white marble altar of Elyvilon.
   155 | D        | Noticed a yak
   157 | D        | Killed a yak
   157 | D        | Reached *** piety under Trog
   158 | D        | Reached skill level 11 in Unarmed Combat
   158 | D        | Reached XP level 7. HP: 78/78 MP: 6/6
   158 | D        | Found an opulent altar of Gozag.
   159 | D        | Found a sparkling altar of Nemelex Xobeh.
   179 | D        | Noticed a kobold demonologist
   179 | D        | Noticed a kobold demonologist
   184 | D        | Noticed a neqoxec
   186 | D        | Killed a kobold demonologist
   187 | D        | Reached skill level 12 in Unarmed Combat
   192 | D        | Killed a kobold demonologist
   192 | D        | Reached **** piety under Trog
   193 | D        | Reached skill level 13 in Unarmed Combat
   193 | D        | Reached XP level 8. HP: 88/88 MP: 7/7
   210 | D        | Noticed a centaur warrior
   210 | D        | Noticed a centaur warrior
   226 | D        | Killed a centaur warrior
   227 | D        | Reached skill level 14 in Unarmed Combat
   230 | D        | Killed a centaur warrior
   231 | D        | Reached skill level 15 in Unarmed Combat
   231 | D        | Reached XP level 9. HP: 29/100 MP: 8/8
   320 | D        | Noticed a deep troll
   328 | D        | Killed a deep troll
   369 | D        | Found Ysaefea's Armour Emporium.
   393 | D        | Reached ***** piety under Trog
   412 | D        | Noticed an oklob plant
   417 | D        | Killed an oklob plant
   417 | D        | Identified the +6 dire flail "Ysuankitz" {flame, rPois}
                  | (Trog gifted it to you in the Dungeon)
   417 | D        | Received a gift from Trog
   418 | D        | Reached skill level 10 in Fighting
   418 | D        | Reached skill level 10 in Dodging
   418 | D        | Reached skill level 16 in Unarmed Combat
   465 | D        | Killed an unseen horror
   466 | D        | Reached XP level 10. HP: 49/111 MP: 9/9
   512 | D        | Reached skill level 17 in Unarmed Combat
   531 | D        | Reached ****** piety under Trog
   538 | D        | Received a gift from Trog
   607 | D        | Noticed Sonja
   612 | D        | Killed Sonja
   683 | D        | Found Lytaotea's Distillery.
   691 | D        | Bought a potion of might for 44 gold pieces
   691 | D        | Bought a potion of curing for 33 gold pieces
   691 | D        | Bought a potion of mutation for 88 gold pieces
   691 | D        | Bought 2 potions of heal wounds for 110 gold pieces
   691 | D        | Bought a potion of flight for 33 gold pieces
   691 | D        | Bought 2 potions of berserk rage for 110 gold pieces
   691 | D        | Bought a potion of curing for 33 gold pieces
   697 | D        | Noticed a shining eye
   697 | D        | Noticed a shining eye
   697 | D        | Noticed a shining eye
   698 | D        | Paralysed by a floating eye for 2 turns
   707 | D        | Paralysed by a floating eye for 3 turns
   710 | D        | Identified the +5 glaive "Onueth" {heavy, rElec Dex-3
                  | Stlth+} (Trog gifted it to you in the Dungeon)
   710 | D        | Received a gift from Trog
   710 | D        | Gained mutation: You are frail. (-10% HP) [a shining eye]
   715 | D        | Gained mutation: You are vulnerable to heat. (rF-) [a
                  | shining eye]
   717 | D        | Killed a shining eye
   718 | D        | Reached skill level 18 in Unarmed Combat
   718 | D        | Gained mutation: You have hidden genetic defects. [a
                  | shining eye]
   720 | D        | Killed a shining eye
   722 | D        | Noticed a shining eye
   724 | D        | Killed a shining eye
   726 | D        | Noticed a shining eye
   728 | D        | Killed a shining eye
   732 | D        | Killed a shining eye
   733 | D        | Reached XP level 11. HP: 110/110 MP: 10/10
   734 | D        | Gained mutation: Potions are less effective at restoring
                  | your health. [hidden defects]
   841 | D        | Noticed a shining eye
   843 | D        | Noticed a shining eye
   843 | D        | Noticed a shining eye
   846 | D        | Killed a shining eye
   846 | D        | Gained mutation: Armour fits poorly on your strangely
                  | shaped body. [a shining eye]
   847 | D        | Reached skill level 19 in Unarmed Combat
   849 | D        | Gained mutation: You are very frail. (-20% HP) [a shining
                  | eye]
   854 | D        | Killed a shining eye
   854 | D        | Received a gift from Trog
   858 | D        | Killed a shining eye
   863 | D        | Found Qigim's Jewellery Shop.
   863 | D        | Found Jyeschy's General Store.
   863 | D        | Found Ydoeven's General Store.
   863 | D        | Found Zifeteann's Book Emporium.
   868 | D        | Bought a scroll of identify for 22 gold pieces
   868 | D        | Bought a scroll of enchant weapon for 82 gold pieces
   868 | D        | Bought a potion of cancellation for 88 gold pieces
   877 | D        | Bought a scroll of identify for 28 gold pieces
   877 | D        | Bought a potion of ambrosia for 112 gold pieces
   877 | D        | Bought a scroll of fear for 56 gold pieces
   877 | D        | Bought a scroll of poison for 56 gold pieces
   877 | D        | Bought a potion of flight for 42 gold pieces
   877 | D        | Bought a scroll of amnesia for 56 gold pieces
   900 | D        | Lost mutation: You are vulnerable to heat. (rF-) [potion of
                  | mutation]
   900 | D        | Lost mutation: Armour fits poorly on your strangely shaped
                  | body. [potion of mutation]
   900 | D        | Lost mutation: You have hidden genetic defects. [potion of
                  | mutation]
   900 | D        | Gained mutation: You have a pair of small horns on your
                  | head. [potion of mutation]
   900 | D        | Gained mutation: Your muscles are strong. (Str +4, Int/Dex
                  | -1) [potion of mutation]
   900 | D        | Gained mutation: Your mind is acute. (Int +4, Str/Dex -1)
                  | [potion of mutation]
   981 | D        | Noticed a lindwurm
   985 | D        | Killed a lindwurm
   985 | D        | Received a gift from Trog
   986 | D        | Reached skill level 20 in Unarmed Combat
  1001 | D        | Received a gift from Trog
  1015 | D        | Received a gift from Trog
  1028 | D        | Noticed a 12-headed hydra
  1031 | D        | HP: 3/150 [13-headed hydra (10)]
  1032 | D        | Killed a 14-headed hydra
  1032 | D        | Paralysed by a floating eye for 3 turns
  1235 | D        | Noticed a shadow dragon
  1235 | D        | Noticed a golden dragon
  1241 | D        | HP: 4/91 [shadow dragon/bolt of negative energy (31)]
  1242 | D        | Slain by a shadow dragon

Illustrated notes

Levels and vault maps discovered:
D:        dungeon_sprint_1 [red_sonja_temple_1, red_sonja_temple_small_1]

Skill      XL: |  1  2  3  4  5  6  7  8  9 10 11 |
---------------+----------------------------------+-----
Fighting       | 3 4 5 7 8 9 10 11 13 | 13.0
Dodging        | 3 4 5 7 8 9 10 11 13 | 13.0
Unarmed Combat | 4 7 9 11 13 15 16 18 20 | 20.8

Action                     |  1- 3 |  4- 6 |  7- 9 | 10-12 || total
---------------------------+-------+-------+-------+-------++-------
  Melee: Unarmed           |     8 |    14 |    48 |   104 ||   174
         Punch             |     1 |       |     5 |    10 ||    16
         Headbutt          |       |       |       |     8 ||     8
 Invoke: Berserk           |       |       |     1 |     2 ||     3
    Use: Potion            |     1 |       |     1 |     8 ||    10
         Scroll            |       |       |       |     4 ||     4
 Armour: Animal skin       |       |     1 |       |       ||     1
         Robe              |       |     1 |    14 |       ||    15
         Troll leather arm |       |       |     6 |    30 ||    36
  Dodge: Dodged            |     3 |     1 |    19 |    45 ||    68
